[Event "Czech Extraliga 2023-24"]
[Site "Czech Republic"]
[Date "2024.02.11"]
[Round "8.2"]
[White "Vlasak, Lukas"]
[Black "L'Ami, Erwin"]
[Result "1/2-1/2"]
[ECO "E11"]
[WhiteElo "2434"]
[BlackElo "2627"]
[Annotator "RC"]
[PlyCount "197"]
[EventDate "2023.10.14"]
[EventCountry "CZE"]
[SourceTitle "playchess.com"]
[Source "ChessBase"]
[SourceQuality "1"]
[TimeControl "40/5400+30:1800+30"]

1. d4 Nf6 2. Nf3 e6 3. c4 d5 4. g3 Bb4+ 5. Bd2 Be7 6. Bg2 c6 7. O-O Nbd7 8. Qc2 b6 9. Bf4 Bb7 10. cxd5 cxd5 11. Rc1 O-O 12. Nc3 Rc8 13. Qb3 a6 14. Ne5 Nxe5 15. Bxe5 Nd7 16. Bf4 b5 17. e4 dxe4 18. Nxe4 Bd5 19. Qe3 Qb6 20. Nc3 Bxg2 21. Kxg2 Nf6 22. a3 Rc4 23. Be5 Rd8 24. Qf3 Nd5 25. Nxd5 Rxd5 26. b3 Rc6 27. a4 f6 28. Rxc6 Qxc6 29. axb5 Qxb5 30. Bf4 Rxd4 31. Qa8+ Kf7 32. Qxa6 Qxb3 33. Be3 Qd5+ 34. Kg1 Rd3 35. Qa4 g5 36. Qg4 Kg6 37. h4 h6 38. Qa4 Kf7 39. Qg4 Kg6 40. Qa4 Qd7 41. hxg5 Qxa4 42. Rxa4 hxg5 43. g4 f5 44. gxf5+ exf5 45. Kg2 Bf6 46. Rb4 Rd5 47. Rc4 Be7 48. Rc7 Re5 49. Rc4 Re6 50. Ra4 Rc6 51. Ra7 Bd6 52. Rb7 Bc7 53. Rb5 Ra6 54. Rb7 Rc6 55. Rb5 Bd8 56. Rb8 Rd6 57. Rb4 Bf6 58. Ra4 Rd7 59. Rc4 f4 60. Bxf4 gxf4 61. Rxf4 Rd2 62. Rf3 Be5 63. Kf1 Kg5 64. Kg2 Bf4 65. Ra3 Kf5 66. Rb3 Be5 67. Rf3+ Ke4 68. Re3+ Kd5 69. Rf3 Ra2 70. Kf1 Ra8 71. Rd3+ Kc4 72. Rf3 Rg8 73. Ke2 Rg1 74. Rf8 Bd6 75. Rf7 Kd5 76. Rf3 Be5 77. Rd3+ Bd4 78. Rg3 Ra1 79. Rg5+ Ke4 80. Rg4+ Ke5 81. Rg2 Kf4 82. Rh2 Bb6 83. Rh4+ Kg5 84. Rh2 Kg4 85. Rg2+ Kf4 86. Rh2 Rb1 87. Rh4+ Kg5 88. Rh2 Kg4 89. Rg2+ Kf4 90. Rh2 Bd8 91. Rh7 Bf6 92. Rf7 Rb6 93. Rf8 Re6+ 94. Kf1 Kf3 95. Rg8 Be5 96. Rf8+ Bf4 97. Rh8 Ra6 98. Rh3+ Ke4 99. Kg2 1/2-1/2

[Event "Czech Extraliga 2023-24"]
[Site "Czech Republic"]
[Date "2024.02.11"]
[Round "8.3"]
[White "Movsesian, Sergei"]
[Black "Plat, Vojtech"]
[Result "1/2-1/2"]
[ECO "B06"]
[WhiteElo "2604"]
[BlackElo "2516"]
[Annotator "RC"]
[PlyCount "35"]
[EventDate "2023.10.14"]
[EventCountry "CZE"]
[SourceTitle "playchess.com"]
[Source "ChessBase"]
[SourceQuality "1"]
[TimeControl "40/5400+30:1800+30"]

1. e4 e5 2. Nf3 d6 3. d4 exd4 4. Nxd4 Nf6 5. Nc3 g6 6. g3 Bg7 7. Bg2 O-O 8. O-O Re8 9. h3 Nc6 10. Nde2 Be6 11. Re1 a5 12. a4 Bc4 13. Bg5 h6 14. Be3 Nb4 15. Bd4 Nc6 16. Be3 Nb4 17. Bd4 Nc6 18. Be3 1/2-1/2

[Event "Czech Extraliga 2023-24"]
[Site "Czech Republic"]
[Date "2024.02.11"]
[Round "8.3"]
[White "Kempinski, Robert"]
[Black "Hrbek, Stepan"]
[Result "1-0"]
[ECO "A17"]
[WhiteElo "2547"]
[BlackElo "2426"]
[Annotator "RC"]
[PlyCount "79"]
[EventDate "2023.10.14"]
[EventCountry "CZE"]
[SourceTitle "playchess.com"]
[Source "ChessBase"]
[SourceQuality "1"]
[TimeControl "40/5400+30:1800+30"]

1. Nf3 Nf6 2. c4 e6 3. Nc3 Bb4 4. Qc2 O-O 5. a3 Bxc3 6. Qxc3 b6 7. g3 Bb7 8. Bg2 c5 9. b4 d6 10. O-O Nbd7 11. Bb2 Rc8 12. d3 Qe7 13. e4 a6 14. Rab1 b5 15. cxb5 axb5 16. bxc5 dxc5 17. Nd2 Rfd8 18. Rfd1 Ba6 19. Ba1 Nb8 20. Nf3 Nc6 21. Ne5 Nd4 22. Qa5 Qc7 23. Qxc7 Rxc7 24. Bxd4 Rxd4 25. Rdc1 Nd7 26. Nxd7 Rdxd7 27. Rc3 f6 28. Bf1 Rc8 29. Rbc1 Rdc7 30. Bh3 Kf7 31. d4 c4 32. d5 Ke7 33. Bxe6 Rb8 34. Rd1 Kd6 35. f4 Ra7 36. Re3 Kc5 37. d6 Rd8 38. e5 fxe5 39. fxe5 b4 40. Rd5+ 1-0

[Event "Czech Extraliga 2023-24"]
[Site "Czech Republic"]
[Date "2024.02.11"]
[Round "8.3"]
[White "Heberla, Bartlomiej"]
[Black "Simacek, Pavel"]
[Result "1-0"]
[ECO "B29"]
[WhiteElo "2546"]
[BlackElo "2456"]
[Annotator "TA"]
[PlyCount "51"]
[EventDate "2023.10.14"]
[EventCountry "CZE"]
[SourceTitle "playchess.com"]
[Source "ChessBase"]
[SourceQuality "1"]
[TimeControl "40/5400+30:1800+30"]

1. e4 c5 2. Nf3 Nf6 3. e5 Nd5 4. Nc3 e6 5. Ne4 f5 6. Nc3 Nb4 7. a3 N4c6 {[%emt 0:00:12] [#]} 8. b4 $1 cxb4 {[%emt 0:01:48] White is slightly better.} (8... b6 9. Nb5) 9. axb4 Bxb4 10. Nb5 O-O 11. c3 Be7 12. d4 Na6 13. d5 exd5 14. Qxd5+ Kh8 15. Nd6 Bxd6 16. Qxd6 Re8 $1 {[%emt 0:05:14] Black is weak on the dark squares} 17. Bc4 {[%emt 0:32:24] White has more active pieces.} (17. Bxa6 $16 {Be2 would now be deadly.} bxa6 18. Bg5) 17... Qf6 {[%emt 0:11:51] [#]} (17... Qc7 $11 {remains equal.} 18. O-O Qxd6 (18... Nxe5 $2 {perishes.} 19. Nxe5 Qxd6 20. Nf7+ Kg8 21. Nxd6+ Re6 22. Be3 $18) 19. exd6 Nc5) 18. Ba3 $1 $36 {[%emt 0:27:48][%mdl 2048] White fights for an advantage.} b5 {[%emt 0:09:02] This costs Black the game.} ({Better is} 18... Nxe5 $14 19. Nxe5 Rxe5+ 20. Kd2 Re6 21. Bxe6 dxe6) 19. Qxf6 $18 (19. Bxb5 Nxe5 20. O-O Nxf3+ 21. gxf3 Re6 $11) 19... gxf6 20. Bf7 {[%emt 0:00:07] This pair of bishops is nice.} ({Inferior is} 20. Bxb5 Nxe5 21. O-O-O Nc7 $11) 20... Rxe5+ 21. Nxe5 fxe5 (21... Nxe5 {was worth a try.} 22. Bd5 Rb8) 22. Bd6 Bb7 23. Rb1 Rc8 24. Rxb5 Ba8 25. Rxe5 ({Weaker is} 25. Bxe5+ Nxe5 26. Rxe5 Kg7 27. Rxf5 Rf8 $18) 25... Kg7 26. Rxf5 {[%emt 0:00:20] Weighted Error Value: White=0.06 (flawless) /Black=0.45.  Mistake:       	White=1     	Black=3      Inaccurate:     	---       	Black=2      OK:         	White=11    	Black=3      Best:        	White=1     	Black=1      Strong:       	White=1     	Black=1} 1-0

[Event "Czech Extraliga 2023-24"]
[Site "Czech Republic"]
[Date "2024.02.11"]
[Round "8.3"]
[White "Mihok, Oliver"]
[Black "Sulypa, Oleksandr"]
[Result "1/2-1/2"]
[ECO "C47"]
[WhiteElo "2535"]
[BlackElo "2458"]
[Annotator "TA"]
[PlyCount "72"]
[EventDate "2023.10.14"]
[EventCountry "CZE"]
[SourceTitle "playchess.com"]
[Source "ChessBase"]
[SourceQuality "1"]
[TimeControl "40/5400+30:1800+30"]

1. e4 e5 2. Nf3 Nc6 3. Nc3 Nf6 4. h3 Bb4 5. Nd5 Be7 6. d3 O-O 7. c3 d6 8. Nxe7+ {[%emt 0:02:51] The position is equal.} Qxe7 9. Be2 a5 10. O-O d5 11. Qc2 h6 12. Re1 Be6 13. Bf1 Rfe8 14. b3 Nd7 15. d4 dxe4 16. Nxe5 (16. Rxe4 Bf5 17. Bd3 Bxe4 18. Bxe4 exd4 19. Bxc6 bxc6 $17) 16... Ncxe5 17. dxe5 Bd5 18. Bb5 $1 c6 19. Bf1 Qxe5 20. Bb2 $1 {[%emt 0:01:47] [#] aiming for c4.} Qf5 21. c4 {[%emt 0:00:20][%cal Oc2c3] And now Qc3! would win.} Be6 22. Qxe4 Qxe4 23. Rxe4 a4 24. Rd1 $36 {[%emt 0:03:59][%cal Oe4e6][%mdl 2048] White wants to play Rxe6! White has some pressure.} axb3 25. axb3 {[%emt 0:00:07][%cal Oe4e6] next Rxe6! is good for White.} Ra2 26. Bd4 Rea8 27. Re3 g6 28. g4 Nf8 29. Bf6 {[%emt 0:01:55] Inhibits Rd8.} R2a3 {[%emt 0:00:05] Black is weak on the dark squares} 30. Red3 {[%emt 0:01:06] Hoping for Rd8.} Rc8 31. Bg2 Raa8 32. f4 Re8 33. Kh2 Nh7 34. Bc3 {[%emt 0:00:47] A strong pair of Bishops.} f5 35. Rd6 ({White should try} 35. Kg3 $14) 35... Kf7 (35... Nf8 $11) 36. Bb4 $2 {[%emt 0:05:26] [#] White has more active pieces.} (36. h4 $16 {stays on course.}) 36... fxg4 {[%emt 0:01:38] Weighted Error Value: White=0.15 (very precise) /Black=0.11 (very precise) .  Mistake:       	White=2     	Black=1      Inaccurate:     	---       	Black=2      OK:         	White=13    	Black=11     Best:        	---       	Black=2      Strong:       	White=2     	---} 1/2-1/2

[Event "Czech Extraliga 2023-24"]
[Site "Czech Republic"]
[Date "2024.02.11"]
[Round "8.3"]
[White "UNI4 Bernasek Jan GM"]
[Black "NOV5 Nguyen Thai Dai Van GM"]
[Result "1/2-1/2"]
[ECO "E54"]
[WhiteElo "2515"]
[BlackElo "2618"]
[Annotator "TA"]
[PlyCount "111"]
[EventDate "2023.10.14"]
[EventCountry "CZE"]
[SourceTitle "playchess.com"]
[Source "ChessBase"]
[SourceQuality "1"]
[TimeControl "40/5400+30:1800+30"]

1. d4 Nf6 2. c4 e6 3. Nc3 Bb4 4. e3 O-O 5. Bd3 d5 6. Nf3 dxc4 7. Bxc4 c5 8. O-O Bd7 9. a3 Ba5 10. Qe2 Bc6 11. Rd1 Qe7 12. Bd2 {[%emt 0:05:10] E54: Nimzo-Indian: Rubinstein: Main Line: 7...dxc4 8 Bxc4.} cxd4 13. exd4 Bxc3 $146 ({Predecessor:} 13... Qc7 14. Ne5 Nbd7 15. b4 Bb6 16. Bf4 Bd5 17. Bxd5 exd5 18. Rac1 Qd8 19. Qf3 h6 20. Nxd7 Qxd7 {1-0 Knaak,R-Liebert,H DDR-ch23 Final 1974 (10)}) 14. bxc3 Ne4 15. Be1 Nd7 16. Bd3 Ng5 17. Nd2 h6 18. f4 Nh7 19. f5 e5 20. Bg3 Rfe8 21. Re1 Qg5 22. Qf2 (22. dxe5 Nxe5 23. Be4 (23. Bxe5 $2 Rxe5 24. Qf2 Qf6 $19) 23... Nf6 24. Bxc6 Nxc6 $17) 22... Qd8 23. Nc4 ({Reject} 23. dxe5 Nxe5 24. Bf1 Nf6 $11) 23... exd4 24. Rxe8+ Qxe8 25. Re1 Qd8 26. Nd6 Nb6 27. Qxd4 Nf6 28. c4 Nc8 29. c5 Nxd6 30. Bxd6 ({Of course not} 30. Qxd6 Qa5 31. Bc4 Re8 $17 (31... Qxa3 32. Bxf7+ Kh8 33. Qd4 $11)) 30... Qa5 31. Qb4 Qxb4 32. axb4 a6 33. Bc4 Bd5 34. Bxd5 Nxd5 35. Re5 Nxb4 36. Re7 a5 37. Rxb7 Nc6 (37... f6 $11 {keeps the balance.}) 38. Rb6 $1 $16 Rc8 39. Kf2 $1 Nd4 40. g4 a4 41. Ke3 Nb3 42. Rb5 Kh7 {[%emt 0:11:22] [#]} 43. Kd3 (43. Ke4 $1 $18) 43... f6 {[%emt 0:03:03] [#]} 44. Kc3 ({White should try} 44. Kc4 $1 $18) 44... h5 $1 $14 45. h3 hxg4 46. hxg4 Kh6 47. Bf4+ (47. Kc4 $5) 47... Kh7 $1 48. Kc4 Rxc5+ 49. Rxc5 Nxc5 50. Kxc5 a3 51. Bd2 (51. Bc1 $5 a2 $8 52. Bb2 $11) 51... a2 52. Bc3 Kh6 $1 53. Bd2+ (53. Kd5 $5 Kg5 $8 54. Ke6 $11) 53... Kh7 54. Bc3 Kh6 $1 55. Bd2+ Kh7 56. Kc4 $2 (56. Bc3 $11 Kh6) 1/2-1/2

[Event "Czech Extraliga 2023-24"]
[Site "Czech Republic"]
[Date "2024.02.11"]
[Round "8.4"]
[White "NOV6 Grandelius Nils GM"]
[Black "UNI5 Jurcik Marian GM"]
[Result "1/2-1/2"]
[ECO "C84"]
[WhiteElo "2689"]
[BlackElo "2398"]
[Annotator "TA"]
[PlyCount "83"]
[EventDate "2023.10.14"]
[EventCountry "CZE"]
[SourceTitle "playchess.com"]
[Source "ChessBase"]
[SourceQuality "1"]
[TimeControl "40/5400+30:1800+30"]

1. e4 e5 2. Nf3 Nc6 3. Bb5 a6 4. Ba4 Nf6 5. O-O Nxe4 6. d4 Be7 7. Re1 b5 8. Rxe4 {[%emt 0:00:30] [#] Threatens to win with Bb3.} ({Much worse is} 8. Nxe5 Nxe5 9. dxe5 Bb7 $11 (9... Nxf2 10. Qf3 $11)) (8. dxe5 Nxf2 9. Qe2 Bc5 $17) 8... d5 9. Nxe5 Nxe5 10. Rxe5 {White is slightly better.} bxa4 11. Qe2 Be6 12. f4 $1 {[%emt 0:00:30] Black must now prevent f5.} Kf8 13. Nc3 {[%emt 0:00:30][%cal Of4f5] aiming for f5!} (13. f5 $5 Bd7 14. Nc3 $14 (14. Rxd5 c6 $11)) 13... Bf6 14. f5 Bxe5 15. Qxe5 Bd7 16. f6 (16. Qxd5 c6 17. Qd6+ Kg8) 16... Qxf6 17. Qxf6 gxf6 18. Bh6+ Ke7 19. Nxd5+ Kd6 20. Nxf6 Be6 21. Re1 {[%emt 0:00:30][%mdl 1024] White has compensation.} c6 {[%emt 0:00:30] [#]} 22. c4 $1 Rhd8 23. Ne4+ Kc7 24. Bf4+ Kc8 (24... Kb6 $5) 25. Nd6+ Rxd6 26. Bxd6 $11 {[%mdl 4096] Endgame. KRB-KRB} Kd7 27. c5 Ra7 28. a3 Rb7 29. Re2 Rb3 30. h3 Rd3 {[%emt 0:00:30] The position is equal.} 31. Be5 Bd5 32. Kh2 h5 33. Bf6 Rb3 34. Bh4 Rd3 35. Bf6 Rb3 36. Bh4 Rd3 37. Bf2 f5 38. Be3 Bc4 39. Re1 Rb3 40. Bc1 Rd3 41. Bg5 Be6 42. Re2 {[%emt 0:00:30] Weighted Error Value: White=0.05 (flawless) /Black=0.04 (flawless) .  Inaccurate:     	---       	Black=1      OK:         	White=10    	Black=18     Best:        	White=4     	Black=3      Strong:       	White=1     	---} 1/2-1/2

[Event "Czech Extraliga 2023-24"]
[Site "Czech Republic"]
[Date "2024.02.11"]
[Round "8.4"]
[White "Vrolijk, Liam"]
[Black "Shagbazyan, Taron"]
[Result "1/2-1/2"]
[ECO "D45"]
[WhiteElo "2573"]
[BlackElo "2403"]
[Annotator "TA"]
[PlyCount "68"]
[EventDate "2023.10.14"]
[EventCountry "CZE"]
[SourceTitle "playchess.com"]
[Source "ChessBase"]
[SourceQuality "1"]
[TimeControl "40/5400+30:1800+30"]

1. Nf3 Nf6 2. c4 e6 3. Nc3 d5 4. e3 Bd6 5. b3 O-O 6. Bb2 c6 7. d4 Nbd7 8. Be2 dxc4 9. bxc4 e5 10. O-O exd4 11. exd4 Re8 12. Qc2 Nf8 $1 13. h3 Ng6 {[%emt 0:22:11][%cal Oc8h3] [#] ...Bxh3! would now be deadly.} 14. Rfe1 Bd7 15. Rad1 {[%emt 0:07:52] White has an edge.} Qc7 16. Bc1 Bf4 17. Bd3 Bxc1 18. Qxc1 Rxe1+ 19. Rxe1 Re8 20. Bxg6 hxg6 21. Rxe8+ Bxe8 22. Qe3 Kf8 23. Ne5 b5 24. d5 cxd5 25. Nxb5 Bxb5 (25... Qa5 $11) 26. cxb5 $11 {[%emt 0:00:17][%mdl 4096] Endgame. Black must now prevent Nc6. KQN-KQN} Qc2 27. Kh2 ({Weaker is} 27. Qxa7 Qc1+ 28. Kh2 Qf4+ 29. g3 Qxe5 $17) 27... Qc7 (27... Qa4 $1 $14) 28. g3 $16 Qd6 29. Qc3 {[%emt 0:05:27] White has more active pieces.} (29. Nc6 $16 a6 30. a4 axb5 31. axb5) 29... d4 $1 $11 {[%emt 0:00:40] The position is equal.} 30. Qc8+ Ne8 31. Nd3 Qa3 32. Ne5 Qd6 {[%emt 0:00:22] Repels Qd8} 33. Nd3 Qa3 34. Ne5 Qd6 {[%emt 0:00:21] Dodges Qd8.   Weighted Error Value: White=0.12 (very precise) /Black=0.09 (flawless) .  Mistake:       	White=1     	Black=2      Inaccurate:     	White=2     	---        OK:         	White=9     	Black=9      Best:        	---       	Black=2      Strong:       	---       	Black=1} 1/2-1/2

[Event "Czech Extraliga 2023-24"]
[Site "Czech Republic"]
[Date "2024.02.11"]
[Round "8.4"]
[White "Janik, Igor"]
[Black "Stalmach, Richard"]
[Result "1/2-1/2"]
[ECO "A10"]
[WhiteElo "2505"]
[BlackElo "2433"]
[Annotator "TA"]
[PlyCount "76"]
[EventDate "2023.10.14"]
[EventCountry "CZE"]
[SourceTitle "playchess.com"]
[Source "ChessBase"]
[SourceQuality "1"]
[TimeControl "40/5400+30:1800+30"]

1. c4 e6 2. g3 f5 3. Bg2 Nf6 4. Nf3 d5 5. O-O Be7 6. b3 O-O 7. Bb2 c6 8. d3 Nbd7 9. Nbd2 a5 10. a3 Bd6 {[%emt 0:12:35] [#]} 11. e4 $1 fxe4 (11... dxe4 12. dxe4) 12. dxe4 dxe4 13. Ng5 {[%emt 0:04:35][%csl LRe4,LRe6] White is slightly better.} e3 14. fxe3 (14. Nxe6 $2 {is the wrong capture.} Qe7 15. Nd4 (15. Nxf8 $2 e2 $19) 15... Ne5 $19 (15... exd2 $2 16. Qxd2 Nb6 17. Rfe1 $17)) 14... Qe7 15. Qc2 Be5 16. Bxe5 Nxe5 17. Qc3 Ned7 18. Nge4 e5 19. c5 Nd5 20. Qc4 {[%emt 0:01:50] Threatens to win with Nd6.} N7f6 21. Nxf6+ gxf6 22. Bxd5+ ({Reject} 22. e4 b5 23. cxb6 Ba6 24. Qxc6 Ne3 $11) 22... cxd5 23. Qxd5+ Be6 24. Qd6 Qxd6 25. cxd6 Rad8 26. Ne4 Bxb3 27. Nxf6+ Kg7 {[%emt 0:00:04] The position is equal.} 28. Rab1 a4 29. Ne4 Rxf1+ 30. Kxf1 $11 {[%emt 0:01:40][%mdl 4096] Endgame. KRB-KRN} b5 $1 31. Rc1 Bd5 32. Rc7+ Kg6 33. Nc3 Bc4+ (33... Rxd6 34. Nxb5 Rc6 35. Rxc6+ Bxc6 36. Nc3 $16) 34. Ke1 Rxd6 35. Nxa4 Rd3 36. Nb6 Be6 37. Rc5 Kf5 38. Ke2 Rxa3 {[%emt 0:00:33] Weighted Error Value: White=0.03 (flawless) /Black=0.04 (flawless) .  Inaccurate:     	White=1     	Black=2      OK:         	White=14    	Black=13     Best:        	White=1     	Black=4      Strong:       	---       	Black=1} 1/2-1/2

[Event "Czech Extraliga 2023-24"]
[Site "Czech Republic"]
[Date "2024.02.11"]
[Round "8.4"]
[White "Ponizil, Cyril"]
[Black "Cvek, Robert"]
[Result "1/2-1/2"]
[ECO "C06"]
[WhiteElo "2467"]
[BlackElo "2450"]
[Annotator "TA"]
[PlyCount "88"]
[EventDate "2023.10.14"]
[EventCountry "CZE"]
[SourceTitle "playchess.com"]
[Source "ChessBase"]
[SourceQuality "1"]
[TimeControl "40/5400+30:1800+30"]

1. e4 e6 2. d4 d5 3. Nd2 Nf6 4. e5 Nfd7 5. c3 c5 6. Bd3 b6 7. Ne2 Ba6 8. Bxa6 Nxa6 9. O-O Nc7 10. Nf4 c4 11. Qg4 b5 12. Nf3 a5 {[%emt 0:04:25] White is slightly better.} 13. Bd2 g6 14. h4 Be7 15. Qg3 h6 16. h5 (16. Nxg6 Rg8 17. Qh3 (17. h5 Nb6 $17) 17... Rxg6 $17) 16... g5 17. Ne2 Ra6 18. Nh2 f5 19. exf6 Nxf6 20. Ng4 Nxh5 21. Qh3 Nf6 {[%emt 0:00:33] [#]} 22. Ne5 {[%emt 0:01:55] White is more active.} (22. Nxh6 $2 Ng8 23. Nxg8 (23. Nf7 $2 Rxh3 24. Nxd8 Rd3 $19) 23... Rxh3 24. gxh3 Bd6 $19) 22... g4 {[%emt 0:01:16] [#]} (22... Rh7 $1 $14) 23. Nxg4 ({White should play} 23. Qh2 $1 $18) 23... Nxg4 $14 24. Qxg4 Kd7 25. Qh3 Qg8 26. Bf4 (26. Bxh6 $2 Qg6 27. f4 Rxh6 $19 (27... Qxh6 $2 28. Qxh6 Rxh6 29. g4 $19)) 26... h5 27. Rae1 Qg4 28. Qxg4 hxg4 29. Be5 $132 {[%emt 0:00:02][%mdl 2048] White is not holding back} Rh7 30. Nf4 b4 31. f3 Nb5 32. Re3 (32. fxg4 $11 bxc3 33. Re2) 32... gxf3 33. Rexf3 a4 {[%emt 0:05:15] White must now prevent ...a3.} 34. cxb4 Bxb4 35. g4 Bd6 36. Bxd6 Rxd6 ({Reject} 36... Kxd6 $6 37. Nxe6 a3 (37... Kxe6 $2 {perishes.} 38. Rf6+ Ke7 39. Rxa6 $18) (37... Rh4 38. g5 $14) 38. b3 $11) 37. Ng6 Kc7 38. Rd1 Rg7 39. Ne5 Rb6 40. Rd2 Kd6 {[%emt 0:02:52][%cal Oa4a3] aiming for ...a3!} 41. a3 Rb8 {[%emt 0:10:50][%cal Ob5d4] Dodges Rf8. And now ...Nxd4! would win.} ({But not} 41... Nxd4 $6 42. Nxc4+ dxc4 43. Rxd4+ Kc5 44. Rff4 $11) 42. Rf4 Rc8 43. Nf7+ Ke7 44. Ne5 Kd6 {[%emt 0:00:14] Weighted Error Value: White=0.15 (very precise) /Black=0.07 (flawless) .  Mistake:       	White=2     	Black=2      Inaccurate:     	White=2     	Black=1      OK:         	White=12    	Black=15     Best:        	White=1     	Black=2} (44... c3 $15 45. Rc2 Kd6) 1/2-1/2

[Event "Czech Extraliga 2023-24"]
[Site "Czech Republic"]
[Date "2024.02.11"]
[Round "8.4"]
[White "Finek, Vaclav"]
[Black "Krejci, Jan"]
[Result "1/2-1/2"]
[ECO "D11"]
[WhiteElo "2416"]
[BlackElo "2530"]
[Annotator "TA"]
[PlyCount "136"]
[EventDate "2023.10.14"]
[EventCountry "CZE"]
[SourceTitle "playchess.com"]
[Source "ChessBase"]
[SourceQuality "1"]
[TimeControl "40/5400+30:1800+30"]

1. d4 d5 2. c4 c6 3. Nf3 Nf6 4. Qc2 g6 5. Bf4 dxc4 6. Qxc4 {D11: Slav Defence: 3 Nf3 sidelines and 3...Nf6 4 e3 Bg4.} Be6 7. Qc2 Bf5 8. Qb3 Qb6 9. Nbd2 Nbd7 {has lost popularity (9...Na6).} 10. e3 Bg7 11. Bc4 O-O 12. O-O $146 ({Predecessor:} 12. h3 Ne4 13. Rd1 Nd6 14. Bxd6 exd6 15. O-O d5 16. Bd3 Be6 17. Nb1 Qxb3 18. axb3 {½-½ Istratescu,A (2561)-Zubov,A (2607) Abu Dhabi op 26th 2019 (5)}) 12... Qxb3 13. Nxb3 Nb6 14. Rfc1 Nxc4 15. Rxc4 Be6 16. Rc2 Bxb3 17. axb3 Rfd8 18. Ra5 Rd5 19. Rxd5 Nxd5 20. Be5 f6 21. Bg3 Rd8 22. Kf1 e6 23. Ke2 Nb4 24. Rc4 Bf8 25. Nd2 Kf7 26. Ne4 Nd5 27. f3 h6 28. Rc1 g5 29. Nf2 Nb4 30. h4 Rd5 31. Ra1 a6 32. Ne4 f5 33. Nc3 Rd7 34. hxg5 hxg5 35. Be5 c5 36. dxc5 Bxc5 (36... Nc6 $5 37. Bh2 Bxc5 $17) 37. Rh1 Kg6 38. Rh8 Nc6 39. Rg8+ Kf7 40. Rg7+ Ke8 41. Rxd7 Kxd7 42. Bf6 Be7 43. Bxe7 Kxe7 44. Kd3 Kd6 45. Ne2 Kc5 46. Kc3 a5 47. Nc1 Nb4 48. Kd2 b5 49. Ne2 Nc6 50. Kc3 Kd5 51. Kd2 b4 52. Ng3 Ne7 53. Nf1 Ng6 54. Ke2 f4 55. g3 e5 56. Kd3 Nf8 57. exf4 exf4 58. gxf4 gxf4 59. Nd2 Nd7 60. Ne4 Ne5+ 61. Ke2 Kd4 62. Nd6 Nd7 63. Nb7 Kd5 64. Nxa5 Nc5 65. Kd1 Kd4 66. Kd2 Kd5 67. Kd1 Kd4 68. Kd2 Kd5 1/2-1/2

[Event "Czech Extraliga 2023-24"]
[Site "Czech Republic"]
[Date "2024.02.11"]
[Round "8.4"]
[White "Volosin, Leon"]
[Black "Petr, Martin"]
[Result "1/2-1/2"]
[ECO "D02"]
[WhiteElo "2400"]
[BlackElo "2468"]
[Annotator "TA"]
[PlyCount "78"]
[EventDate "2023.10.14"]
[EventCountry "CZE"]
[SourceTitle "playchess.com"]
[Source "ChessBase"]
[SourceQuality "1"]
[TimeControl "40/5400+30:1800+30"]

1. d4 Nf6 2. Nf3 g6 3. Nbd2 d5 4. e3 Bg7 5. b4 a5 6. b5 c5 7. bxc6 Nxc6 8. c4 O-O 9. cxd5 Nxd5 {[%emt 0:02:39] [#] ...e5 is the strong threat.} 10. Bb2 a4 {[%emt 0:04:12] White must now prevent ...a3.} 11. a3 Bd7 12. Bc4 Nb6 13. Ba2 Na5 14. O-O Bb5 {[%emt 0:00:09] Repels Qe2} 15. Re1 Nac4 16. Nxc4 Nxc4 17. Bxc4 Bxc4 18. Bc3 Qd5 19. Bb4 Rfe8 20. Rc1 b5 21. Nd2 e6 22. Nxc4 bxc4 23. Qe2 Rec8 24. Rc2 (24. Bc5 $14) 24... Bf8 $11 {[%emt 0:01:10] The position is equal.} 25. Bxf8 Kxf8 26. Rec1 Rab8 27. h3 (27. Rxc4 $2 {loses.} Qxc4 28. Qxc4 Rxc4 $19) 27... Rb3 28. Rxc4 Rxc4 29. Qxc4 Qxc4 30. Rxc4 Rxa3 {[%emt 0:00:05][%mdl 4096] Endgame. KR-KR} 31. Rc8+ Ke7 32. Rc7+ Kf6 33. Ra7 g5 34. g4 Ra1+ 35. Kg2 a3 36. Kf3 Ra2 37. Kg2 Kg6 38. Ra6 Kg7 39. Ra7 Kg6 {[%emt 0:00:33] Weighted Error Value: White=0.06 (flawless) /Black=0.05 (flawless) .  Mistake:       	White=1     	---        Inaccurate:     	---       	Black=1      OK:         	White=14    	Black=10     Best:        	White=2     	---} 1/2-1/2

[Event "Czech Extraliga 2023-24"]
[Site "Czech Republic"]
[Date "2024.02.11"]
[Round "8.5"]
[White "Polak, Tomas"]
[Black "Ftacnik, Lubomir"]
[Result "1/2-1/2"]
[ECO "E83"]
[WhiteElo "2525"]
[BlackElo "2438"]
[Annotator "TA"]
[PlyCount "102"]
[EventDate "2023.10.14"]
[EventCountry "CZE"]
[SourceTitle "playchess.com"]
[Source "ChessBase"]
[SourceQuality "1"]
[TimeControl "40/5400+30:1800+30"]

1. d4 Nf6 2. c4 g6 3. Bg5 Ne4 4. Bf4 Bg7 5. f3 Nf6 6. e4 d6 7. Nc3 O-O 8. Be3 Nc6 9. Nge2 a6 10. Qd2 Bd7 11. Nc1 e5 {[%emt 0:12:22] [#] Threatens to win with ...exd4.} 12. d5 Nd4 13. N1e2 Nxe2 $1 {[%emt 0:03:17] White is slightly better.} 14. Bxe2 Nh5 15. g3 f5 16. O-O-O f4 (16... Qe7 $11) 17. Bf2 $16 b6 18. g4 Nf6 19. h4 Rf7 20. Kb1 Bf8 21. Rc1 Re7 22. a3 Re8 23. Rc2 Qe7 24. Rhc1 Reb8 25. b4 a5 26. Ra2 Qd8 27. Rcc2 Be7 28. Rcb2 Ne8 29. Qe1 $1 axb4 30. axb4 Rxa2 31. Rxa2 Ra8 32. Rxa8 Qxa8 33. Kb2 Qd8 34. Bd1 Qa8 {[%emt 0:06:10] Prevents Ba4.} 35. Bb3 Kf8 36. Qh1 h6 37. h5 gxh5 38. Qxh5 Bg5 39. Qh1 Nf6 40. Qd1 Qa6 41. c5 bxc5 42. bxc5 Bb5 43. Qa1 Qxa1+ {[%emt 0:03:15] The position is equal.} 44. Kxa1 Bf1 45. Bd1 dxc5 46. Bxc5+ Ke8 47. Be2 Bxe2 48. Nxe2 h5 49. gxh5 Nxh5 50. Bf2 Kd7 51. Kb2 c6 {[%emt 0:00:10] Weighted Error Value: White=0.09 (flawless) /Black=0.07 (flawless) .  Mistake:       	---       	Black=1      Inaccurate:     	White=3     	Black=2      OK:         	White=8     	Black=17     Best:        	White=1     	Black=2      Strong:       	White=1     	Black=1} 1/2-1/2